 Dungeon Crawl Stone Soup version 0.28-a0-577-gb193047a1f (webtiles) character file.

Game seed: 15939087238513859914

155003 timneilson the Peltast (level 17, -16/106 HPs)
             Began as a Gargoyle Fighter on Oct 2, 2021.
             Was a High Priest of Okawaru.
             Demolished by a naga (24 damage)
             ... on level 3 of the Snake Pit.
             The game lasted 01:20:01 (35758 turns).

timneilson the Peltast (Gargoyle Fighter)          Turns: 35758, Time: 01:20:02

Health: -16/106    AC: 45    Str: 21    XL:     17   Next: 64%
Magic:  22/22      EV:  8    Int: 14    God:    Okawaru [*****.]
Gold:   298        SH: 27    Dex: 11    Spells: 16/16 levels left

rFire   + + .      SeeInvis .   G - +5 demon blade (freeze)
rCold   + + .      Faith    .   b - +0 tower shield
rNeg    + . .      Spirit   .   B - +3 plate armour {rC+}
rPois   ∞          Reflect  +   L - +2 helmet {Int+3}
rElec   +          Harm     .   M - +2 cloak {Stlth+}
rCorr   +          Rampage  .   R - +0 pair of gloves
Will    ++...                   (no boots)
Stlth   ..........              C - amulet of reflection
HPRegen 0.27/turn               t - ring of the Saving Fool {rF++ rC+ rCorr Str-4 Stlth+}
MPRegen 0.18/turn               v - ring "Fukuxy" {Wiz Will+ Dex+2}

@: heroic, flying, constricted, studying Shields
A: sickness immunity, AC +12, big wings, negative energy resistance 1,
electricity resistance, torment resistance 1, petrification resistance, low mp
1, screaming 1, MP-powered wands
a: Renounce Religion, Heroism, Finesse, Duel


You were on level 3 of the Snake Pit.
You worshipped Okawaru.
Okawaru was extremely pleased with you.
You visited 5 branches of the dungeon, and saw 27 of its levels.
You also visited: Ice Cave.

You collected 3550 gold pieces.
You spent 3252 gold pieces at shops.

Inventory:

Hand Weapons
 A - a +2 scimitar of flaming
 G - a +5 demon blade of freezing (weapon)
Armour
 b - a +0 tower shield (worn)
 B - a +3 plate armour of cold resistance (worn)
 L - a +2 helmet of intelligence (worn)
 M - a +2 cloak of stealth (worn)
 R - a +0 pair of gloves (worn)
Jewellery
 t - the ring of the Saving Fool (left hand) {rF++ rC+ rCorr Str-4 Stlth+}
   (You found it in an ice cave)

   [ring of protection from cold]

   Str:       It affects your strength (-4).
   rF:        It greatly protects you from fire.
   rC:        It protects you from cold.
   rCorr:     It protects you from acid and corrosion.
   Stlth:     It makes you more stealthy.
 v - the ring "Fukuxy" (right hand) {Wiz Will+ Dex+2}
   (You found it on level 8 of the Dungeon)

   [ring of wizardry]

   It improves your spell success rate.
   Dex:       It affects your dexterity (+2).
   Will:      It increases your willpower.
 C - an amulet of reflection (around neck)
 E - a ring of protection from cold
 N - a +6 ring of intelligence
 O - a ring of see invisible
Wands
 d - a wand of flame (60)
 o - a wand of mindburst (12)
 p - a wand of digging (2)
 u - a wand of iceblast (48)
 P - a wand of paralysis (39)
Scrolls
 c - 2 scrolls of blinking
 f - 5 scrolls of identify
 l - 3 scrolls of silence
 r - 5 scrolls of enchant armour
 s - 6 scrolls of teleportation
 x - 5 scrolls of holy word
 D - 2 scrolls of fog
 F - 2 scrolls of amnesia
 H - 2 scrolls of fear
 I - a scroll of enchant weapon
 J - 3 scrolls of magic mapping
Potions
 a - 2 potions of brilliance
 e - 3 potions of might
 h - a potion of resistance
 i - 6 potions of lignification
 j - 6 potions of attraction
 k - 4 potions of haste
 m - 2 potions of cancellation
 n - 6 potions of heal wounds
 q - 2 potions of mutation
 w - 9 potions of curing
 z - a potion of magic
 K - a potion of berserk rage
 Q - a potion of ambrosia
Miscellaneous
 g - a phial of floods
 y - a condenser vane (inert)


   Skills:
 + Level 11.7(16.7) Fighting
 * Level 13.5(18.5) Long Blades
 * Level 15.9(20.9) Armour
 + Level 8.7(13.7) Dodging
 * Level 17.7(22.7) Shields
 - Level 2.2 Necromancy
 + Level 10.5 Invocations
 + Level 9.0 Evocations


You had 16 spell levels left.
You didn't know any spells.
Your spell library contained the following spells:

 Spells                   Type           Power      Damage    Failure   Level
 Apportation              Tloc           0%         N/A       65%         1
 Magic Dart               Conj           0%         1d3       65%         1
 Sting                    Tmut/Pois      0%         1d3       65%         1
 Ensorcelled Hibernation  Hex/Ice        0%         N/A       80%         2
 Searing Ray              Conj           0%         2d4       80%         2
 Confusing Touch          Hex            0%         N/A       95%         3
 Frozen Ramparts          Ice            0%         1d2       95%         3
 Spider Form              Tmut/Pois      0%         N/A       95%         3
 Stone Arrow              Conj/Erth      0%         3d7       95%         3
 Fulminant Prism          Conj/Hex       0%         3d6       100%        4
 Ice Form                 Ice/Tmut       0%         N/A       100%        4
 Passage of Golubria      Tloc           N/A        N/A       100%        4
 Freezing Cloud           Conj/Ice/Air   0%         6-21      100%        5
 Irradiate                Conj/Tmut      0%         3d13      100%        5
 Silence                  Hex/Air        0%         N/A       100%        5
 Storm Form               Tmut/Air       0%         N/A       100%        7
 Lehudib's Crystal Spear  Conj/Erth      0%         10d2      100%        8
 Animate Skeleton         Necr           Unusable   N/A       N/A         1
 Summon Small Mammal      Summ           Unusable   N/A       N/A         1
 Tukima's Dance           Hex            Unusable   N/A       N/A         3
 Animate Armour           Summ/Erth      Unusable   N/A       N/A         4
 Summon Ice Beast         Ice/Summ       Unusable   N/A       N/A         4
 Summon Lightning Spire   Summ/Air       Unusable   N/A       N/A         4

Dungeon Overview and Level Annotations

Branches:
Dungeon (15/15)            Temple (1/1) D:6            Lair (6/6) D:9
 Shoals (0/4) Lair:2        Snake (3/4) Lair:4        Slime (0/5) Lair:5
    Orc (2/2) D:9             Elf (0/3) Orc:2        Vaults (0/5) D:14
 Depths (0/4) D:15          IceCv (visited)

Altars:
Ashenzari
Cheibriados
Dithmenos
Elyvilon
Fedhas
Gozag
Hepliaklqana
Kikubaaqudgha
Makhleb
Nemelex Xobeh
Okawaru
Qazlal
Ru
Sif Muna
Trog
Uskayaw
Vehumet
Wu Jian
Xom
Yredelemnul
Zin
The Shining One
Beogh

Shops:
D:6 (   D:9 (   Orc:1 [[!?!   Orc:2 ?!*!   Snake:1 *

Portals:
Hell: Lair:6

Annotations:
D:15 2 transporters, Loulutte's ghost, journeyman DDWr


Innate Abilities, Weirdness & Mutations

You are immune to sickness and miasma.
Your stone body is resilient. (AC +12)
You are immune to poison.
Your large and strong wings let you fly.
You resist negative energy. (rN+)
You are resistant to electric shocks. (rElec)
You are resistant to unholy torment.
You are immune to petrification.
Your magical capacity is low. (-10% MP)
You occasionally shout uncontrollably at your foes.
You expend magic power (3 MP) to strengthen your wands.


Message History

You slice the naga warrior!! You freeze the naga warrior!
The naga warrior is heavily wounded.
You block the shock serpent's attack.
The naga mage hits you but does no damage.
The naga mage constricts you. You block the naga's attack.
Unknown command.
You hit the naga warrior. You freeze the naga warrior.
The naga warrior is severely wounded.
You block the shock serpent's attack. x2
The naga mage spits poison at you.
The splash of poison hits you but does no damage.
You resist. The naga mage constricts you.
The naga sharpshooter shoots a bolt.
You reflect the bolt off an invisible shield around you!
The bolt hits the naga sharpshooter!
The naga warrior spits poison at you.
The splash of poison reflects off an invisible shield around you!
The splash of poison hits the naga warrior.
The naga hits you with a +0 glaive!!
* * * LOW HITPOINT WARNING * * *
The shock serpent bites you but does no damage.
Clouds of poison gas condense around you!
The condenser dries out!
The shock serpent is engulfed in poison gas.
The shock serpent is poisoned.
You block the shock serpent's attack. You block the naga mage's attack.
The naga mage constricts you.
* * * LOW HITPOINT WARNING * * *
The shock serpent is engulfed in poison gas.
The shock serpent looks even sicker.
You block the shock serpent's attack.
The shock serpent's electric aura discharges, shocking you!
You resist.
The naga sharpshooter unwields a +0 arbalest.
The naga sharpshooter wields a +0 war axe.
The naga sharpshooter hits you but does no damage.
The shock serpent looks even sicker.
The shock serpent bites you but does no damage.
You block the naga warrior's attack.
The naga mage points at the naga warrior and mumbles some strange words.
The naga warrior seems to grow toxic.
The naga mage constricts you. The naga hits you with a +0 glaive!!
You die...

..........#####.....#
##..... .#........#
#.....## #.....
##.......##
#.....#### #..?..
##.......###....##..#
##....
####.....#.....#...#
#..........#.....#
#.........§§§......
#.........§§NN§§....
#.........§S@N§§....
###....##.§NSN§§....
......###§§§§§.....
##.... ##.........
.... ###§§.....
N§....# §§.....
.......


You could see 2 naga warriors, a naga sharpshooter (strong), 2 shock serpents, a
naga mage (fast, strong, catching breath) and 2 nagas.

Vanquished Creatures
  Jorgrun (D:12)
  Kirke (Snake:1)
  An azure jelly (IceCv)
  A nagaraja (Snake:2)
  Aizul (Snake:2)
  An orc warlord (Orc:2)
  4 quicksilver oozes (IceCv)
  Azrael (Orc:2)
  The ghost of barkas the Warrior, a journeyman NaWn of Okawaru (Lair:1)
  5 boulder beetles
  4 vault guards (D:14)
  3 catoblepae
  13 hydras
  3 ogre magi
  6 centaur warriors
  2 death knights (D:14)
  10 two-headed ogres
  4 naga warriors
  2 anacondas
  2 death yaks
  A tengu warrior (D:13)
  3 shock serpents
  A sun demon (Lair:6)
  4 naga sharpshooters
  5 orc high priests
  6 skeletal warriors (D:14)
  2 salamander mystics (Snake:3)
  A deep elf archer (D:14)
  2 phantasmal warriors (D:14)
  5 orc knights
  5 wizards
  A harpy (D:14)
  A necromancer (D:15)
  2 deep elf pyromancers (D:15)
  4 mana vipers
  18 ugly things
  6 orc sorcerers
  4 manticores
  9 cyclopes
  19 salamanders
  2 torpor snails
  A guardian serpent (Snake:1)
  17 black mambas
  5 naga magi
  A smoke demon (Lair:6)
  12 elephants
  Maurice (Orc:2)
  4 gargoyles
  2 orange demons (Lair:6)
  12 cane toads
  3 ice statues (IceCv)
  3 kobold demonologists (D:12)
  6 rime drakes
  An efreet (D:14)
  3 freezing wraiths (D:14)
  9 komodo dragons
  3 unseen horrors
  5 ice devils (Lair:6)
  A red devil (Lair:6)
  2 entropy weaver simulacra (IceCv)
  6 trolls
  2 hornets
  A wind drake (Lair:2)
  2 polar bears
  19 slime creatures
  Grinder (D:4)
  35 blink frogs
  Prince Ribbit (Lair:1)
  7 dream sheep (Lair:5)
  2 meliai zombies
  A centaur simulacrum (D:15)
  32 yaks
  2 shadows (D:11)
  5 wyverns
  The ghost of AttackTheMoon the Chiller, an amateur OgIE (D:6)
  9 basilisks
  2 hogs (Snake:1)
  3 wraiths
  3 fire elementals (Orc:2)
  5 humans (Snake:1)
  A redback simulacrum (D:11)
  Grum (Lair:1)
  A steam dragon (D:7)
  Menkaure (D:7)
  7 vampire mosquitoes
  21 nagas
  2 wargs
  5 hell hounds
  A demonic crawler simulacrum (IceCv)
  Duvessa (D:4)
  21 water moccasins
  A floating eye (shapeshifter) (D:14)
  2 floating eyes (D:14)
  5 ugly thing simulacra (IceCv)
  34 orc warriors
  An ice beast (D:5)
  3 necrophages
  19 ogres
  4 black bears
  A boggart (D:14)
  A tengu (shapeshifter) (D:15)
  26 wolves
  13 centaurs
  3 wyvern zombies
  A kobold brigand (D:9)
  15 bullfrogs
  A gnoll sergeant (D:13)
  2 glowing shapeshifter simulacra (IceCv)
  Dowan (D:4)
  3 scorpions
  A wyvern skeleton (D:7)
  A water moccasin zombie (D:6)
  A lava snake (Snake:3)
  4 crimson imps (D:8)
  A howler monkey (D:9)
  A centaur zombie (D:8)
  3 hounds
  3 centaur skeletons
  26 orc priests
  A bullfrog skeleton (D:4)
  7 jellies
  2 gnoll shamans
  5 iguanas
  15 orc wizards
  A hound skeleton (D:4)
  2 howler monkey zombies (D:8)
  3 adders
  20 gnolls
  2 howler monkey skeletons
  2 shadow imps
  4 white imps (D:8)
  An ufetubus (D:4)
  2 adder skeletons (D:4)
  2 dart slugs
  84 orcs
  6 ball pythons
  12 endoplasms
  4 giant cockroaches
  3 goblins
  12 hobgoblins
  8 jackals (D:2)
  7 quokkas
  8 bats
  7 frilled lizards
  17 kobolds
  8 rats
881 creatures vanquished.

Vanquished Creatures (others)
  Sonja (D:13)
  25 fungi
  43 plants
69 creatures vanquished.

Grand Total: 950 creatures vanquished

Notes
Turn   | Place    | Note
-------+----------+-------------------------------------------
     0 | D:1      | timneilson the Gargoyle Fighter began the quest for the
                  | Orb.
     0 | D:1      | Reached XP level 1. HP: 14/14 MP: 1/1
    93 | D:1      | Reached XP level 2. HP: 10/19 MP: 2/2
   839 | D:1      | Reached XP level 3. HP: 23/23 MP: 3/3
  1447 | D:2      | Found a faded altar of an unknown god.
  1500 | D:2      | Reached XP level 4. HP: 28/28 MP: 4/4
  2141 | D:3      | Noticed a scorpion
  2141 | D:3      | Noticed a necrophage
  2156 | D:3      | Reached skill level 1 in Dodging
  2156 | D:3      | Reached skill level 4 in Shields
  2165 | D:3      | Killed a necrophage
  2166 | D:3      | Reached XP level 5. HP: 20/33 MP: 5/5
  2169 | D:3      | Reached XP level 6. HP: 24/38 MP: 6/6
  2957 | D:4      | Noticed Duvessa
  2957 | D:4      | Noticed Dowan
  2973 | D:4      | Killed Duvessa
  2974 | D:4      | Reached skill level 5 in Shields
  2980 | D:4      | Killed Dowan
  2981 | D:4      | Reached skill level 5 in Armour
  2981 | D:4      | Reached XP level 7. HP: 39/43 MP: 7/7
  3582 | D:4      | Noticed Grinder
  3596 | D:4      | Paralysed by Grinder for 7 turns
  3612 | D:4      | Paralysed by Grinder for 7 turns
  3621 | D:4      | Killed Grinder
  3881 | D:4      | Reached XP level 8. HP: 31/48 MP: 8/8
  4105 | D:5      | Entered Level 5 of the Dungeon
  4287 | D:5      | Reached skill level 6 in Shields
  4308 | D:4      | Reached skill level 1 in Evocations
  4615 | D:5      | Reached skill level 5 in Fighting
  5325 | D:6      | Reached skill level 5 in Long Blades
  5651 | D:6      | Found a transporter.
  5652 | D:6      | Noticed AttackTheMoon's ghost (amateur OgIE)
  5653 | D:6      | Found a transporter.
  5654 | D:6      | Identified the +6 dire flail "Gafuw" {freeze, Will+++ Str+3
                  | Dex-5 Stlth+}
  5654 | D:6      | Noticed a two-headed ogre
  5680 | D:6      | Reached XP level 9. HP: 54/54 MP: 9/9
  5751 | D:6      | Found a staircase to the Ecumenical Temple.
  5763 | Temple   | Entered the Ecumenical Temple
  5862 | Temple   | Became a worshipper of Warmaster Okawaru
  6009 | D:6      | Found Zemaaxti's Weapon Boutique.
  6214 | D:7      | Reached skill level 7 in Shields
  6606 | D:7      | Noticed Menkaure
  6613 | D:7      | Killed Menkaure
  6613 | D:7      | Reached * piety under Okawaru
  6614 | D:7      | Reached skill level 1 in Invocations
  7856 | D:8      | Identified the ring "Fukuxy" {Wiz Will+ Dex+2}
  8310 | D:8      | Reached ** piety under Okawaru
  8426 | D:8      | Noticed a hornet
  8439 | D:8      | Killed a hornet
  8440 | D:8      | Reached XP level 10. HP: 58/60 MP: 9/11
  8480 | D:8      | Reached skill level 8 in Shields
  8821 | D:9      | Found a staircase to the Lair.
  9045 | D:9      | Found a snail-covered altar of Cheibriados.
  9211 | D:9      | Found a staircase to the Orcish Mines.
  9520 | D:9      | Found Peavih Kosch's Hydra Hut.
  9524 | D:9      | Noticed a six-headed hydra
  9528 | D:9      | Bought a +1 scimitar of flaming for 198 gold pieces
  9700 | D:10     | Entered Level 10 of the Dungeon
  9721 | D:10     | Noticed a two-headed ogre
  9730 | D:10     | Killed a two-headed ogre
  9730 | D:10     | Reached *** piety under Okawaru
  9937 | D:10     | Reached skill level 9 in Shields
  9946 | D:10     | Reached XP level 11. HP: 53/66 MP: 13/13
 10084 | D:10     | Reached **** piety under Okawaru
 11358 | D:11     | Noticed a brown ugly thing
 11467 | Lair:1   | Entered Level 1 of the Lair of Beasts
 11638 | Lair:1   | Reached ***** piety under Okawaru
 11970 | Lair:1   | Found a transporter.
 11972 | Lair:1   | Noticed barkas's ghost (journeyman NaWn)
 11974 | Lair:1   | Found a transporter.
 12044 | Lair:1   | Received a gift from Okawaru
 12217 | Lair:1   | Reached skill level 10 in Armour
 12234 | Lair:1   | Reached skill level 10 in Shields
 12235 | Lair:1   | Reached skill level 5 in Dodging
 12617 | Lair:1   | Noticed Prince Ribbit
 12641 | Lair:1   | Killed Prince Ribbit
 12646 | Lair:1   | Noticed Grum
 12656 | Lair:1   | Killed Grum
 12657 | Lair:1   | Reached skill level 5 in Invocations
 12952 | Lair:2   | Reached XP level 12. HP: 72/72 MP: 15/15
 13046 | Lair:2   | Noticed a six-headed hydra
 13057 | Lair:2   | Killed a one-headed hydra
 13204 | Lair:2   | Noticed a death yak
 13223 | Lair:2   | Killed a death yak
 13251 | Lair:2   | Reached skill level 5 in Evocations
 13370 | Lair:2   | Received a gift from Okawaru
 13563 | Lair:2   | Found a staircase to the Shoals.
 13790 | Lair:2   | Noticed a four-headed hydra
 13792 | Lair:2   | Noticed a seven-headed hydra
 13799 | Lair:2   | Killed a one-headed hydra
 13805 | Lair:2   | Killed a two-headed hydra
 14564 | Lair:3   | Reached skill level 11 in Shields
 15269 | Lair:3   | Noticed a catoblepas
 15282 | Lair:3   | Killed a catoblepas
 15554 | Lair:4   | Noticed an eight-headed hydra
 15566 | Lair:4   | Killed a two-headed hydra
 15567 | Lair:4   | Reached XP level 13. HP: 45/79 MP: 15/17
 15793 | Lair:3   | Received a gift from Okawaru
 16523 | Lair:4   | Found a staircase to the Snake Pit.
 17408 | Lair:5   | Reached skill level 12 in Shields
 17492 | Lair:5   | Reached skill level 10 in Long Blades
 17495 | Lair:5   | Received a gift from Okawaru
 17975 | Lair:5   | Found a staircase to the Slime Pits.
 18147 | Lair:6   | Entered Level 6 of the Lair of Beasts
 18268 | Lair:6   | Found a frozen archway.
 18283 | IceCv    | Entered an ice cave
 18332 | IceCv    | Reached ****** piety under Okawaru
 18601 | IceCv    | Gained mutation: Your large and strong wings let you fly.
                  | [Gargoyle growth]
 18601 | IceCv    | Reached XP level 14. HP: 86/86 MP: 12/19
 18624 | IceCv    | Got the ring of the Saving Fool {rF++ rC+ rCorr Str-4
                  | Stlth+}
 18675 | IceCv    | Received a gift from Okawaru
 18701 | IceCv    | Noticed a quicksilver ooze
 18715 | IceCv    | Killed a quicksilver ooze
 18735 | IceCv    | Noticed a quicksilver ooze
 18754 | IceCv    | Killed a quicksilver ooze
 19098 | IceCv    | Noticed a quicksilver ooze
 19109 | IceCv    | Killed a quicksilver ooze
 19117 | IceCv    | Found a viscous altar of Jiyva.
 19117 | IceCv    | Noticed an azure jelly
 19127 | IceCv    | Killed an azure jelly
 19128 | IceCv    | Noticed a quicksilver ooze
 19143 | IceCv    | Killed a quicksilver ooze
 19379 | IceCv    | Identified the ring "Gautt" {Wiz rPois Int+2}
 20019 | Lair:6   | Reached skill level 13 in Shields
 20139 | Lair:6   | Identified the +4 scale mail of the Ward {*Corrode Dex+8
                  | SInv} (Okawaru gifted it to you on level 6 of the Lair of
                  | Beasts)
 20139 | Lair:6   | Received a gift from Okawaru
 21366 | Lair:6   | Found a burning altar of Makhleb.
 21372 | Lair:6   | Found a gateway to Hell.
 22003 | Orc:1    | Entered Level 1 of the Orcish Mines
 22215 | Orc:1    | Found Usaur's Distillery.
 22273 | Orc:1    | Reached skill level 10 in Fighting
 22482 | Orc:1    | Found Ofuywahi's Distillery.
 22504 | Orc:1    | Bought 2 potions of heal wounds for 160 gold pieces
 22573 | Orc:1    | Found Xyamaagh's Magic Scroll Boutique.
 22576 | Orc:1    | Bought a scroll of identify for 26 gold pieces
 22576 | Orc:1    | Bought a scroll of magic mapping for 45 gold pieces
 22576 | Orc:1    | Bought a scroll of identify for 26 gold pieces
 22576 | Orc:1    | Bought a scroll of identify for 26 gold pieces
 22576 | Orc:1    | Bought a scroll of acquirement for 676 gold pieces
 22576 | Orc:1    | Bought a scroll of enchant armour for 97 gold pieces
 22576 | Orc:1    | Bought a scroll of holy word for 97 gold pieces
 22576 | Orc:1    | Bought a scroll of teleportation for 39 gold pieces
 22576 | Orc:1    | Acquired 588 gold pieces
 22664 | Orc:2    | Entered Level 2 of the Orcish Mines
 22707 | Orc:2    | Noticed Maurice
 22718 | Orc:2    | Reached XP level 15. HP: 92/92 MP: 13/21
 22728 | Orc:2    | Killed Maurice
 23406 | Orc:2    | Noticed Azrael
 23422 | Orc:2    | Killed Azrael
 23562 | Orc:2    | Found a staircase to the Elven Halls.
 23984 | Orc:2    | Noticed an orc warlord
 24032 | Orc:2    | Killed an orc warlord
 24033 | Orc:2    | Reached skill level 1 in Necromancy
 24301 | Orc:2    | Found Itrothri's Magic Scroll Shop.
 24351 | Orc:2    | Found Ythexzi's Distillery.
 25177 | Orc:2    | Gained mutation: You are frail. (-10% HP) [a neqoxec]
 25211 | Orc:2    | Found Zofoh's Distillery.
 25321 | Orc:2    | Found Hofupsi's Assorted Antiques.
 25436 | Orc:1    | Found Napel's Antique Armour Shop.
 25525 | Orc:1    | Found Ihecyed's Antique Armour Shop.
 25534 | Orc:1    | Bought a tower shield for 117 gold pieces
 25534 | Orc:1    | Bought a runed helmet for 195 gold pieces
 25735 | D:6      | Reached skill level 14 in Shields
 25746 | D:6      | Killed AttackTheMoon's ghost
 25901 | Lair:1   | Killed barkas's ghost
 25985 | Lair:1   | Identified the +4 hunting sling of Conscience {freeze, rN+
                  | Dex+3 Stlth+}
 27767 | D:12     | Noticed Jorgrun
 27781 | D:12     | Killed Jorgrun
 28367 | D:13     | Received a gift from Okawaru
 28517 | D:13     | Noticed Sonja
 28526 | D:13     | Killed Sonja
 28626 | D:13     | Reached XP level 16. HP: 54/89 MP: 22/22
 29278 | D:14     | Reached skill level 15 in Shields
 29282 | D:14     | Identified the +2 long sword "Usotutruo" {vorpal, rCorr
                  | Int+6} (Okawaru gifted it to you on level 14 of the
                  | Dungeon)
 29282 | D:14     | Received a gift from Okawaru
 29423 | D:14     | Paralysed by a floating eye for 2 turns
 29429 | D:14     | Paralysed by a floating eye for 3 turns
 29983 | D:14     | Found a gate to the Vaults.
 30331 | D:14     | Received a gift from Okawaru
 30836 | D:14     | Reached skill level 15 in Armour
 30881 | D:14     | Reached skill level 16 in Shields
 31010 | D:15     | Entered Level 15 of the Dungeon
 31325 | D:15     | Received a gift from Okawaru
 31343 | D:15     | Found a transporter.
 31347 | D:15     | Found a transporter.
 31373 | D:15     | Noticed Loulutte's ghost (journeyman DDWr)
 31384 | D:15     | Reached skill level 10 in Invocations
 31445 | D:15     | Found a stormy altar of Qazlal.
 31710 | D:15     | Reached XP level 17. HP: 86/93 MP: 24/24
 31723 | D:15     | Found a staircase to the Depths.
 31961 | Snake:1  | Entered Level 1 of the Snake Pit
 32697 | Snake:1  | Noticed Kirke
 32717 | Snake:1  | Killed Kirke
 33147 | Snake:1  | Found Ililose's CLEARANCE SALE!.
 33155 | Snake:1  | Bought the Compendium of Combat Magic and Bewitchment for
                  | 78 gold pieces
 33673 | Snake:2  | Reached skill level 17 in Shields
 33763 | Snake:2  | Noticed Aizul
 33788 | Snake:2  | Killed Aizul
 33891 | Snake:2  | Identified the +8 ring mail of Freezing the Good {rF+}
                  | (Okawaru gifted it to you on level 2 of the Snake Pit)
 33891 | Snake:2  | Received a gift from Okawaru
 34377 | Snake:3  | Got the Catalogue of Feathers and Venom
 34924 | Orc:2    | Bought a potion of curing for 48 gold pieces
 34924 | Orc:2    | Bought a potion of might for 64 gold pieces
 34924 | Orc:2    | Bought a potion of curing for 48 gold pieces
 34924 | Orc:2    | Bought a potion of curing for 48 gold pieces
 34924 | Orc:2    | Bought a potion of mutation for 128 gold pieces
 34924 | Orc:2    | Bought a potion of mutation for 128 gold pieces
 34924 | Orc:2    | Bought a potion of attraction for 48 gold pieces
 34924 | Orc:2    | Bought a potion of haste for 160 gold pieces
 34980 | Orc:2    | Bought a potion of haste for 160 gold pieces
 34980 | Orc:2    | Bought 2 potions of heal wounds for 160 gold pieces
 34980 | Orc:2    | Bought a potion of might for 64 gold pieces
 34980 | Orc:2    | Bought a potion of mutation for 128 gold pieces
 34980 | Orc:2    | Bought a potion of heal wounds for 80 gold pieces
 34980 | Orc:2    | Bought a potion of curing for 48 gold pieces
 34980 | Orc:2    | Bought a potion of haste for 160 gold pieces
 34980 | Orc:2    | Lost mutation: You are frail. (-10% HP) [potion of
                  | mutation]
 34980 | Orc:2    | Gained mutation: You tend to lose your temper in combat.
                  | [potion of mutation]
 34981 | Orc:2    | Lost mutation: You tend to lose your temper in combat.
                  | [potion of mutation]
 34981 | Orc:2    | Gained mutation: You expend magic power (3 MP) to
                  | strengthen your wands. [potion of mutation]
 34981 | Orc:2    | Gained mutation: You occasionally shout uncontrollably at
                  | your foes. [potion of mutation]
 34981 | Orc:2    | Gained mutation: Your magical capacity is low. (-10% MP)
                  | [potion of mutation]
 35758 | Snake:3  | Demolished by a naga

Illustrated notes

Levels and vault maps discovered:
D:1:      scummos_arrival_simple_fountains, layout_rooms, serial_bayou,
          serial_bayou_pond_a, serial_bayou_shore_a, serial_bayou_ford_a,
          serial_bayou_lagoon_b, kennysheep_small_spiral
D:2:      layout_basic, chequers_ecumenical_altar_grove, serial_corexii_hall,
          corexii_hall_statues_i, chequers_hall_statues_corner_a,
          chequers_hall_statues_wall_a
D:3:      layout_basic, minmay_divided_ellipse
D:4:      minmay_general_purpose_star, layout_rooms, uniq_duvessa, uniq_grinder
D:5:      layout_cave_pools, serial_column_ruins, column_ruins_square_large,
          column_ruins_columns_corner, column_ruins_open_tiny,
          column_ruins_grid_1, column_ruins_corridor_straight,
          column_ruins_open_small, column_ruins_columns_corner,
          column_ruins_grid_3
D:6:      layout_rooms, minmay_temple_entry_mini_moons, gammafunk_ghost_smash,
          serial_shops, shop_fountains, minmay_between
D:7:      layout_basic, nicolae_lava_and_water, minmay_misc_feat_tower,
          uniq_menkaure
D:8:      layout_cave_pods, minmay_nine_imps
D:9:      layout_stronghold, mainiacjoe_overflow_six_doors_small,
          lair_entry_dummy, minmay_orc_entry_temple_small,
          doesnt_shop_hydraphobe
D:10:     layout_loops_ring, minivault_19, amcnicky_mini_corridor_feature
D:11:     layout_stronghold
D:12:     layout_long_grid, nicolae_twisting_strands, uniq_jorgrun
D:13:     layout_basic, minivault_24, uniq_sonja
D:14:     layout_loops_cross, grunt_vaults_entry_fortified,
          kennysheep_crisscross, onia_ninara_cookie
D:15:     grunt_enter_depths_magical_seal, layout_rooms, gammafunk_ghost_hive,
          grunt_qazlal_clouds
Temple:   kilobyte_greek_temple
Lair:1:   layout_regular_city, gammafunk_ghost_arena, serial_bayou_shore_b,
          lemuel_fruit_tree, uniq_grum, uniq_prince_ribbit2
Lair:2:   layout_cave_pods, minmay_shoals_entry_beasts
Lair:3:   layout_loops_ring, minmay_shattered_shrine
Lair:4:   layout_regular_city, minmay_snake_entry_six_corridors
Lair:5:   layout_hall_layers, nicolae_slime_entry_slimehenge
Lair:6:   evil_forest, layout_hall_layers, portal_ice_cave_demonic_guard,
          minmay_stone_trees_large, serial_bayou_pond_a, grunt_megastairs_1
Snake:1:  layout_cave_pods, nicolae_shop_clearance, serial_bayou_shore_b,
          uniq_kirke
Snake:2:  nicolae_snake_nest, layout_gridlike, uniq_aizul
Snake:3:  layout_onion, serial_shops, nicolae_shop_crystal,
          nicolae_snake_salamander_zone, minmay_shop_star, uniq_louise
Orc:1:    layout_caves, serial_shops,
          nicolae_shop_temple_entry_statues_fountains, shop, shop,
          nicolae_shop_behind_doors, nicolae_shop_competitors_out_of_business,
          hellmonk_bongcloud_opening, bh_open_orc_temple
Orc:2:    pubby_orc_utopia, uniq_azrael, uniq_maurice

Skill      XL: |  1  2  3  4  5  6  7  8  9 10 11 12 13 14 15 16 17 |
---------------+----------------------------------------------------+-----
Long Blades    | 2 3 4 5 6 7 8 9 10 11 12 13 | 13.5
Armour         | 4 5 6 7 9 10 11 12 13 14 15 | 15.9
Dodging        | 1 2 3 4 5 6 7 8 |  8.7
Shields        | 4 5 6 7 9 10 11 12 13 14 16 17 | 17.7
Fighting       | 4 5 6 7 8 9 10 11 | 11.7
Evocations     | 1 3 4 5 6 7 8 9 |  9.0
Invocations    | 2 3 5 6 7 8 9 10 | 10.5
Necromancy     | 2 |  2.2

Action                   |  1- 3 |  4- 6 |  7- 9 | 10-12 | 13-15 | 16-18 || total
-------------------------+-------+-------+-------+-------+-------+-------++-------
Melee: Long sword        |   140 |   144 |   467 |    96 |       |       ||   847
       Scimitar          |       |       |       |   542 |   758 |    29 ||  1329
       Demon blade       |       |       |       |       |  1155 |   928 ||  2083
Invok: Heroism           |       |       |     3 |    17 |    41 |    12 ||    73
       Finesse           |       |       |       |     1 |    14 |     2 ||    17
Evoke: Condenser vane    |       |       |       |       |     2 |     3 ||     5
  Use: Scroll            |     2 |     4 |     8 |     5 |    12 |       ||    31
       Potion            |       |     2 |     1 |     2 |     4 |     2 ||    11
 Stab: Petrified         |       |       |       |       |     3 |       ||     3
Armor: Scale mail        |    92 |    41 |       |       |       |       ||   133
       Chain mail        |       |    50 |   305 |    95 |       |       ||   450
       Plate armour      |       |       |       |   187 |   734 |   373 ||  1294
Dodge: Dodged            |    74 |    76 |   301 |   293 |   458 |   163 ||  1365
       Repelled          |       |       |       |       |     1 |       ||     1
Block: Buckler           |    34 |    40 |   173 |   264 |       |       ||   511
       Kite shield       |       |       |       |    71 |  1102 |       ||  1173
       Reflection        |       |       |       |     1 |    22 |    75 ||    98
       Tower shield      |       |       |       |       |   385 |   982 ||  1367

Table legend: (Time is in decaauts)
 A = Elapsed time spent in this place.
 B = Non-inter-level travel time spent in this place.
 C = Inter-level travel time spent in this place.
 D = Time resting spent in this place.
 E = Time spent auto-exploring this place.
 F = Levels seen in this place.
 G = Mean time per level.
                   A        B        C        D        E       F      G
               +--------+--------+--------+--------+--------+-----+--------+
         Total |  35170 |  33484 |   1686 |   2783 |  23091 |  28 | 1256.1 |
       Dungeon |  17432 |  16652 |    780 |    683 |  12264 |  15 | 1162.1 |
        Temple |    141 |    106 |     35 |      0 |     95 |   1 |  141.0 |
          Lair |   9553 |   9103 |    450 |    610 |   6597 |   6 | 1592.2 |
     Snake Pit |   3341 |   3218 |    123 |    601 |   1916 |   3 | 1113.7 |
  Orcish Mines |   3582 |   3285 |    297 |    182 |   2185 |   2 | 1791.0 |
      Ice Cave |   1119 |   1119 |      0 |    707 |     33 |   1 | 1119.0 |
               +--------+--------+--------+--------+--------+-----+--------+

Top non-repeatable levels by time:
   Orc:2: 2720 daAuts
  Lair:6: 2131 daAuts
  Lair:1: 1755 daAuts
 Snake:2: 1651 daAuts
  Lair:4: 1581 daAuts
    D:14: 1555 daAuts
     D:4: 1521 daAuts
    D:11: 1441 daAuts
  Lair:2: 1440 daAuts
 Snake:1: 1420 daAuts
     D:7: 1408 daAuts
  Lair:3: 1404 daAuts
    D:13: 1291 daAuts
    D:10: 1255 daAuts
  Lair:5: 1239 daAuts
